cohdb
Replays
Latest Replays
All Replays
Popular Replays
Top Player Replays
Match Explorer
How It Works
Community
CoH3 Stats
Reddit
Sign in to upload your games and track your stats! →
Sign in with Steam
Match 40632108
Unlisted
Match 40632108
Overview
Messages
Build Orders
End
250 Light Carrier
Selects Panzerjäger Kommand Battlegroup
Selects Mine Fields
Panzerpioneer Squad
Panzerpioneer Squad
Construct Light Support Kompanie
2.5-tonne Medical Truck
Selects GrB 39 Grenade Launcher Requisition
MG34 Team
Advanced Field Repairs
Kradschützen Motorcycle Team
Fire Support Elements
Vehicle Survival Package
le.IG 18 Mechanized Group
Combat Half-tracks
Flakvierling Half-track
Selects Early Warning
Construct Panzerarmee Kommand
让你爱上学习
Standard Grenadier
CPU - VERY EASY
Tizmitce
MiniMarko
Hendy
0
0
Comments
sign in to comment!
No comments posted yet!